 Dungeon Crawl Stone Soup version 0.32-a0-768-g0f6f1dd4b9 (webtiles) character file.

Game seed: 14557924648878482557

10763 Berder the Destroyer (level 11, -4/67 HPs)
             Began as an Octopode Fire Elementalist on Mar 19, 2024.
             Was a Follower of Vehumet.
             Slain by an orc warrior
             ... wielding a +0 battleaxe
              (21 damage)
             ... on level 11 of the Dungeon.
             The game lasted 00:29:35 (14689 turns).

Berder the Destroyer (Octopode Fire Elementalist)  Turns: 14689, Time: 00:29:35

Health: -4/67      AC:  1    Str: 11    XL:     11   Next: 67%
Magic:  8/24       EV: 12    Int: 21    God:    Vehumet [*.....]
Gold:   479        SH:  5    Dex: 12    Spells: 16/28 levels left

rFire   . . .        a - +4 dagger (venom)
rCold   . . .        (no shield)
rNeg    . . .        (helmet restricted)
rPois   .            t - amulet of reflection
rElec   .            (no ring)
rCorr   .            (no ring)
SInv    .            (no ring)
Will    .....        (no ring)
Stlth   +++          (no ring)
HPRegen 1.11/turn    (no ring)
MPRegen 0.19/turn    (no ring)
                     (no ring)

%: reflection
@: no status effects
A: almost no armour, amphibious, 8 rings, camouflage 1, gelatinous body 1,
(nimble swimmer 1), tentacles, tentacle spike 1, regeneration 1, strong 1
a: Renounce Religion


You were on level 11 of the Dungeon.
You worshipped Vehumet.
Vehumet was aware of your devotion.
You visited 2 branches of the dungeon, and saw 12 of its levels.
You also visited: Sewer.

You collected 632 gold pieces.
You spent 153 gold pieces at shops.

Inventory:

Hand Weapons
 a - a +4 dagger of venom (weapon)
 p - a +1 mace of venom
 E - a +0 demon whip of venom
 N - a +4 heavy dagger
Jewellery
 t - an amulet of reflection (around mantle)
 v - a ring of flight
 D - an amulet of faith
 G - a ring of magical power
Wands
 e - a wand of flame (11)
 x - a wand of paralysis (18)
 y - a wand of iceblast (16)
 I - a wand of light (9)
 J - a wand of digging (7)
 K - a wand of mindburst (10)
Scrolls
 b - 4 scrolls of teleportation {unknown}
 c - 6 scrolls of enchant weapon
 d - 3 scrolls of revelation
 f - 3 scrolls of fear
 l - a scroll of immolation
 q - a scroll of butterflies
 u - 4 scrolls of blinking {unknown}
 C - a scroll of noise {unknown}
 F - a scroll of poison {unknown}
 H - 3 scrolls of identify
 L - 2 scrolls of torment {unknown}
 O - a scroll of brand weapon
 P - a scroll of enchant armour {unknown}
Potions
 g - 5 potions of curing
 h - 2 potions of mutation
 i - 2 potions of ambrosia
 j - 2 potions of enlightenment
 k - 2 potions of haste
 m - a potion of berserk rage {unknown}
 n - 6 potions of might
 o - a potion of heal wounds
 r - 2 potions of attraction {unknown}
 s - a potion of magic
 w - 2 potions of cancellation {unknown}
 z - 2 potions of lignification {unknown}
 A - a potion of degeneration {unknown}
 B - 2 potions of invisibility {unknown}
 M - 2 potions of resistance {unknown}


   Skills:
 + Level 3.0 Fighting
 - Level 2.0 Dodging
 - Level 2.6 Stealth
 + Level 9.0 Spellcasting
 - Level 12.0 Conjurations
 + Level 10.0 Fire Magic


You had 16 spell levels left.
You knew the following spells:

 Your Spells              Type           Power      Damage    Failure   Level
a - Foxfire               Conj/Fire      100%       2x1d9     1%          1
b - Iskenderun's Battles  Conj           56%        2d11      1%          5
c - Scorch                Fire           100%       2d9       1%          2
d - Flame Wave            Conj/Fire      53%        2d13      1%          4

Your spell library contained the following spells:

 Spells                   Type           Power      Damage    Failure   Level
 Sandblast                Erth           18%        2d7       7%          1
 Inner Flame              Hex/Fire       30%        N/A       2%          3
 Volatile Blastmotes      Fire/Tloc      60%        2d15      2%          3
 Fulminant Prism          Conj/Alch      17%        3d11      6%          4
 Call Canine Familiar     Summ           9%         N/A       22%         3
 Confusing Touch          Hex            9%         N/A       22%         3
 Frozen Ramparts          Ice            18%        1d3       22%         3
 Passwall                 Erth           9%         N/A       22%         3
 Bombard                  Conj/Erth      17%        9d3       67%         6
 Summon Forest            Summ/Tloc      4%         N/A       89%         5
 Summon Mana Viper        Hex/Summ       9%         N/A       89%         5
 Permafrost Eruption      Ice/Erth       4%         2x4d3     100%        6
 Summon Cactus Giant      Summ           4%         N/A       100%        6


Dungeon Overview and Level Annotations

Branches:
Dungeon (11/15)            Temple (1/1) D:4            Lair (0/5) D:11
    Orc (0/2) D:11          Sewer (visited)

Altars:
Ashenzari
Cheibriados
Dithmenos
Elyvilon
Fedhas
Gozag
Hepliaklqana
Kikubaaqudgha
Makhleb
Nemelex Xobeh
Okawaru
Qazlal
Ru
Sif Muna
Trog
Uskayaw
Vehumet
Wu Jian
Xom
Yredelemnul
Zin
The Shining One

Shops:
D:5 *


Innate Abilities, Weirdness & Mutations

You cannot wear most types of armour.
You are amphibious.
You can wear up to eight rings at the same time.
Your skin changes colour to match your surroundings (Stealth+).
Your rubbery body absorbs attacks. (AC +1, EV +1)
((You are camouflaged when in or above water. (Stealth+)))
You have tentacles for arms and can constrict up to eight enemies at once.
One of your tentacles bears a spike.
Your natural rate of healing is unusually fast.
Your muscles are strong. (Str +4, Int/Dex -1)


Message History

The flame wave engulfs the orc warrior but does no damage.
The orc warrior is lightly wounded.
The flame wave engulfs the gnoll sergeant!
The gnoll sergeant is moderately wounded.
The gnoll sergeant hits you from afar with a +2 trident of protection!
The orc warrior hits you with a +0 battleaxe!
A wave of flame ripples out!
The flame wave engulfs the orc warrior!
The orc warrior resists.
The orc warrior is moderately wounded.
The flame wave engulfs the gnoll sergeant!
The gnoll sergeant is severely wounded.
The flame wave engulfs the gnoll!
You kill the gnoll!
Vehumet accepts your kill.
The flame wave engulfs the orc warrior!
The orc warrior is moderately wounded.
You finish channelling waves of flame.
The gnoll sergeant closely misses you.
The orc warrior hits you with a +0 battleaxe!
Your Fighting skill increases to level 3!
Unknown command.
Casting: Flame Wave (dangerous; 1% risk of failure)
Confirm with . or Enter, or press ? or * to list all spells.
Casting: Flame Wave (dangerous; 1% risk of failure)
Press: ? - help, Dir - look around, f - activate A wave of flame ripples out!
The flame wave engulfs the orc warrior but does no damage.
The orc warrior is moderately wounded. (Press . to intensify the flame waves.)
The gnoll sergeant hits you from afar with a +2 trident of protection!
The orc warrior hits you with a +0 battleaxe!
A wave of flame ripples out!
The flame wave engulfs the orc warrior.
The orc warrior resists.
The orc warrior is heavily wounded.
The flame wave engulfs the gnoll sergeant.
The gnoll sergeant is almost dead.
You hear a shout!
The gnoll sergeant hits you from afar with a +2 trident of protection.
* * * LOW HITPOINT WARNING * * *
The orc warrior hits you with a +0 battleaxe!!
You die...

(......#.....#.........#...#.####
.......#.....#..############.....
####...#.....#..#ß$T.ß######..^..
.......#.....'..#oogoo##...#.####
.......#.....#..#ggog.##...#.# #
.......#######..#gog..##...#.####
#####)########### ..$ß #..(#.....
................###g####...#.....
...............<@ogo.......##....
................#######.....#....
.................##.........#.###
.................##.........#....
.................##...##....'....
.................##...#####+#....
.................##.........#....
####'###################....#....
.......................#....#....


You could see 2 orc warriors and 2 gnoll sergeants.

Vanquished Creatures
  3 two-headed ogres
  Amaemon (D:8)
  Pikel (D:6)
  2 manticores
  An orange demon (D:8)
  A komodo dragon (D:11)
  Grinder (D:6)
  2 hornets
  A shadow (D:9)
  A wyvern (D:9)
  A wraith (D:10)
  5 yaks
  A steam dragon (D:9)
  3 vampire mosquitoes (D:10)
  2 acid dragons
  2 water moccasins
  7 orc warriors
  A sky beast (D:7)
  An ice beast (D:8)
  3 black bears
  2 ogres (D:5)
  3 centaurs (D:10)
  A phantom (D:7)
  3 lemures
  Blork the orc (D:5)
  7 bullfrogs
  A gnoll sergeant (D:9)
  3 scorpions
  10 killer bees
  5 howler monkeys
  A crimson imp (D:9)
  A bombardier beetle (D:5)
  A hound (D:6)
  A jelly (D:5)
  5 orc priests
  2 gnoll boudas
  2 iguanas
  Ijyb (D:5)
  3 sleepcaps (D:6)
  Natasha (twice) (D:3)
  7 orc wizards
  22 gnolls
  12 adders
  2 river rats (Sewer)
  A white imp (D:5)
  2 ribbon worms
  3 dart slugs
  51 orcs
  17 ball pythons
  8 endoplasms
  4 giant cockroaches
  12 goblins
  5 hobgoblins
  3 quokkas
  4 bats
  4 frilled lizards
  7 kobolds
  21 rats
280 creatures vanquished.

Vanquished Creatures (others)
  969 foxfires
969 creatures vanquished.

Grand Total: 1249 creatures vanquished

Notes
Turn   | Place    | Note
-------+----------+-------------------------------------------
     0 | D:1      | Berder the Octopode Fire Elementalist began the quest for
                  | the Orb.
     0 | D:1      | Reached XP level 1. HP: 11/11 MP: 3/3
     5 | D:1      | You fall into a shaft and drop 1 floor!
   207 | D:1      | Found a faded altar of an unknown god.
   349 | D:1      | Reached skill level 2 in Conjurations
   349 | D:1      | Reached XP level 2. HP: 17/17 MP: 0/5
   862 | D:1      | Reached XP level 3. HP: 21/21 MP: 0/6
  1104 | D:1      | Reached skill level 3 in Conjurations
  1807 | D:2      | Learned a level 2 spell: Scorch
  2493 | D:3      | Reached XP level 4. HP: 27/27 MP: 2/7
  2535 | D:3      | Noticed Natasha
  2543 | D:3      | Killed Natasha
  2692 | D:3      | Noticed a scorpion
  2706 | D:3      | Killed a scorpion
  2707 | D:3      | Reached XP level 5. HP: 31/31 MP: 5/9
  2731 | D:3      | Got the Vellum of Combined Confrontation
  2742 | D:3      | Learned a level 5 spell: Iskenderun's Battlesphere
  2771 | D:3      | Found a glowing drain.
  2791 | Sewer    | Entered a sewer
  2866 | Sewer    | Reached skill level 4 in Conjurations
  3209 | Sewer    | Reached XP level 6. HP: 34/36 MP: 5/10
  3270 | Sewer    | Reached skill level 5 in Conjurations
  3857 | D:3      | Noticed Natasha
  3896 | D:3      | Killed Natasha
  3897 | D:3      | Reached skill level 6 in Conjurations
  3897 | D:3      | Reached XP level 7. HP: 41/41 MP: 4/11
  4338 | D:4      | Found a staircase to the Ecumenical Temple.
  4343 | Temple   | Entered the Ecumenical Temple
  4546 | D:4      | Found a shimmering blue altar of Sif Muna.
  5211 | D:5      | Entered Level 5 of the Dungeon
  5278 | D:5      | Reached skill level 7 in Conjurations
  5669 | D:5      | Noticed Blork the orc
  5676 | D:5      | Killed Blork the orc
  5778 | D:5      | Reached skill level 8 in Conjurations
  5826 | D:5      | Reached XP level 8. HP: 46/46 MP: 8/12
  5867 | D:5      | Found a snail-covered altar of Cheibriados.
  6259 | D:5      | Reached skill level 9 in Conjurations
  6326 | D:5      | Found Hauduxt's Assorted Antiques.
  6331 | D:5      | Bought a sedimented black potion for 23 gold pieces
  6336 | D:5      | Bought a tiny soapstone amulet for 130 gold pieces
  6401 | D:5      | Noticed Ijyb
  6407 | D:5      | Killed Ijyb
  6613 | D:6      | Noticed Grinder
  6619 | D:6      | Killed Grinder
  6743 | D:6      | Reached skill level 10 in Conjurations
  6779 | D:6      | Noticed Pikel
  7060 | D:6      | Killed Pikel
  7061 | D:6      | Reached skill level 11 in Conjurations
  7061 | D:6      | Reached XP level 9. HP: 25/51 MP: 2/13
  8521 | D:7      | Reached skill level 12 in Conjurations
  8531 | D:7      | Noticed a hornet
  8581 | D:7      | Gained mutation: One of your tentacles bears a spike.
                  | [potion of mutation]
  8581 | D:7      | Gained mutation: Your natural rate of healing is unusually
                  | fast. [potion of mutation]
  8581 | D:7      | Gained mutation: Your muscles are strong. (Str +4, Int/Dex
                  | -1) [potion of mutation]
  8871 | D:7      | Learned a level 4 spell: Flame Wave
  8986 | D:7      | Reached skill level 5 in Fire Magic
  9333 | D:7      | Reached XP level 10. HP: 56/56 MP: 2/17
  9529 | D:7      | Reached skill level 5 in Spellcasting
  9933 | D:8      | Noticed Amaemon
  9934 | D:8      | Noticed an orange demon
  9956 | D:8      | Killed an orange demon
 10492 | D:8      | Killed Amaemon
 11534 | D:9      | Noticed a manticore
 11540 | D:9      | Killed a manticore
 11716 | D:9      | Noticed a two-headed ogre
 11723 | D:9      | Reached XP level 11. HP: 48/61 MP: 13/22
 11725 | D:9      | Killed a two-headed ogre
 11862 | D:9      | Found a bloodstained altar of Trog.
 11862 | D:9      | Found an opulent altar of Gozag.
 11862 | D:9      | Found a sacrificial altar of Ru.
 11941 | D:9      | Found a burning altar of Makhleb.
 12085 | D:9      | Found a radiant altar of Vehumet.
 12188 | D:9      | Became a worshipper of Vehumet
 12233 | D:10     | Entered Level 10 of the Dungeon
 12574 | D:10     | Noticed a two-headed ogre
 12580 | D:10     | Killed a two-headed ogre
 12783 | D:10     | Got the Catalogue of the Vanishing Queens
 13347 | D:10     | Reached skill level 1 in Fighting
 13362 | D:10     | Reached * piety under Vehumet
 13362 | D:10     | Offered knowledge of Sandblast by Vehumet.
 13975 | D:11     | Noticed a two-headed ogre
 13980 | D:11     | Killed a two-headed ogre
 14153 | D:11     | Noticed a manticore
 14159 | D:11     | Killed a manticore
 14421 | D:11     | Found a staircase to the Lair.
 14676 | D:11     | Found a staircase to the Orcish Mines.
 14683 | D:11     | Reached skill level 10 in Fire Magic
 14689 | D:11     | Slain by an orc warrior

Illustrated notes

Levels and vault maps discovered:
D:1:      ldierk_walled_garden_2, layout_basic, shapermc_ecumenical_altar_venn,
          wander_ebering_terrifying_dragon_lair
D:2:      layout_basic
D:3:      layout_loops_ring, portal_sewer_entry_a, minmay_ruptured, uniq_natasha
D:4:      layout_gridville, lemuel_round_altar, minmay_temple_entry_arrows
D:5:      layout_basic, cheibriados_altar_1, serial_shops, shop, uniq_ijyb,
          uniq_blork_the_orc
D:6:      layout_basic, minivault_14, uniq_pikel, uniq_grinder
D:7:      layout_gridville
D:8:      layout_loops_ring, uniq_amaemon
D:9:      layout_small_grid, chequers_temple_overflow_statue_of_worship,
          grunt_temple_overflow_lords_of_destruction
D:10:     layout_basic, special_room [special_room_orc]
D:11:     layout_stronghold, lair_entry_dummy,
          kennysheep_orc_monster_closet_entryway
Temple:   nicolae_temple_no_exploring_needed

Skill      XL: |  1  2  3  4  5  6  7  8  9 10 11 |
---------------+----------------------------------+-----
Conjurations   | 2 3 4 6 8 11 12 | 12.0
Spellcasting   | 3 4 7 9 |  9.0
Fire Magic     | 5 8 10 | 10.0
Fighting       | 3 |  3.0
Dodging        | |  2.0
Stealth        | |  2.6

Action                     |  1- 3 |  4- 6 |  7- 9 | 10-12 || total
---------------------------+-------+-------+-------+-------++-------
  Melee: Unarmed           |     4 |     1 |       |       ||     5
         Constrict         |       |     2 |       |     4 ||     6
         Dagger            |       |     3 |     2 |    19 ||    24
         Kick              |       |       |       |    10 ||    10
         Tentacles         |       |       |       |     4 ||     4
   Cast: Foxfire           |    85 |    85 |   274 |   126 ||   570
         Scorch            |       |     3 |    18 |    30 ||    51
         Iskenderun's Batt |       |       |     4 |    24 ||    28
         Flame Wave        |       |       |     1 |    23 ||    24
    Use: Potion            |       |     1 |     3 |       ||     4
         Scroll            |       |     6 |     5 |       ||    11
   Stab: Sleeping          |       |       |       |     2 ||     2
 Armour: Skin              |     9 |    10 |    29 |    50 ||    98
  Dodge: Dodged            |    10 |     6 |    35 |    46 ||    97
  Block: Other             |       |       |     7 |    19 ||    26
         Reflection        |       |       |       |     2 ||     2

Table legend: (Time is in decaauts)
 A = Elapsed time spent in this place.
 B = Non-inter-level travel time spent in this place.
 C = Inter-level travel time spent in this place.
 D = Time resting spent in this place.
 E = Time spent auto-exploring this place.
 F = Levels seen in this place.
 G = Mean time per level.
                   A        B        C        D        E       F      G
               +--------+--------+--------+--------+--------+-----+--------+
         Total |  14715 |  14274 |    441 |   4062 |   7624 |  13 | 1131.9 |
       Dungeon |  14129 |  13688 |    441 |   3797 |   7468 |  11 | 1284.5 |
        Temple |      1 |      1 |      0 |      0 |      0 |   1 |    1.0 |
         Sewer |    583 |    583 |      0 |    265 |    156 |   1 |  583.0 |
               +--------+--------+--------+--------+--------+-----+--------+

Top non-repeatable levels by time:
     D:6: 1749 daAuts
     D:7: 1694 daAuts
    D:10: 1589 daAuts
     D:2: 1455 daAuts
     D:5: 1430 daAuts
     D:8: 1239 daAuts
     D:3: 1232 daAuts
     D:1: 1056 daAuts
     D:9: 919 daAuts
     D:4: 882 daAuts
    D:11: 880 daAuts
   Sewer: 583 daAuts
  Temple: 1 daAuts
